AoeStats
← [RAT] G0rm

African Clearing

506443296Analyzed
4v4 RM · 19d ago on Sep 13, 2026· 46m 17s· 8 players
Game mode
Random Map
Map size
Large (8 player)
Population
200
Speed
Normal
Resources
Standard
Victory
Conquest
Starting age
Dark Age
Ending age
Imperial Age
RankedLock teamsTeams togetherTeam positionsShared explorationLock speedFull tech treeHidden civsTurbo modeCheats
Victory
Defeat
1922
+5
🇪🇸 Magyars · Spain
1782
+8
🇬🇧 Mongols · United Kingdom
1675
+12
🇪🇸 Persians · Spain
1611
+14
🇺🇸 Wei · United States
1660
-12
🇺🇸 Mongols · United States
1630
-11
🇳🇱 Jurchens · Netherlands
1548
-8
🇷🇴 Italians · Romania
1541
-8
[R1] andres_rod
4:26 Loom
12:39 Feudal Age
16:42 Castle Age
17:47 Fletching
42:25 Double-Bit Axe
Bixiyo
7:42 Loom
13:39 Feudal Age
14:06 Feudal Age
14:47 Town Watch
17:39 Castle Age
16:41 Double-Bit Axe
21:55 Horse Collar
38:43 Imperial Age
38:41 Scale Barding Armor
38:37 Fletching
39:50 Wheelbarrow
40:18 Bodkin Arrow
42:34 Hand Cart
43:10 Bracer
44:15 Padded Archer Armor
45:21 Chemistry
44:37 Gold Mining
44:41 Stone Mining
46:09 Conscription
45:59 Heavy Plow
Vlad von Carstein
12:08 Loom
14:48 Feudal Age
18:44 Castle Age
17:01 Double-Bit Axe
24:53 Fishing Lines
25:34 Bow Saw
27:11 Wheelbarrow
26:37 Gillnets
27:40 Horse Collar
28:46 Heavy Plow
29:09 Husbandry
30:08 Hand Cart
29:50 Gold Mining
29:51 Stone Mining
31:15 Gold Shaft Mining
30:56 Bloodlines
31:40 Scale Barding Armor
32:51 Chain Barding Armor
36:29 Stone Shaft Mining
35:45 Town Watch
36:12 Forging
39:08 Imperial Age
40:17 Plate Barding Armor
40:19 Iron Casting
39:10 Heavy Camel Rider
43:22 Blast Furnace
44:11 Guilds
44:02 Caravan
47:00 Two-Man Saw
46:37 Crop Rotation
[R1] Duke PEÑAROL Thompson
6:10 Loom
13:51 Feudal Age
17:24 Castle Age
18:19 Double-Bit Axe
18:26 Gold Mining
20:36 Bow Saw
22:27 Padded Archer Armor
23:43 Horse Collar
27:01 Wheelbarrow
29:00 Hand Cart
28:31 Town Watch
30:49 Heavy Plow
35:30 Imperial Age
35:02 Scale Barding Armor
35:00 Stone Mining
35:48 Bloodlines
35:51 Cavalier
36:31 Husbandry
37:19 Forging
38:08 Chain Barding Armor
40:26 Plate Barding Armor
41:18 Iron Casting
41:18 Conscription
43:33 Blast Furnace
42:10 Paladin
46:41 Stone Shaft Mining
[RAT] Havik_AoE
4:37 Loom
13:29 Feudal Age
13:42 Man-at-Arms
20:03 Fletching
24:00 Castle Age
23:27 Double-Bit Axe
23:33 Horse Collar
25:53 Wheelbarrow
28:11 Bow Saw
29:48 Heavy Plow
31:27 Bloodlines
37:52 Scale Barding Armor
40:55 Imperial Age
39:00 Chain Barding Armor
40:07 Forging
40:10 Scale Mail Armor
40:46 Hand Cart
40:16 Town Watch
40:28 Gold Mining
41:09 Husbandry
40:31 Pikeman
41:24 Squires
42:03 Conscription
42:59 Coinage
41:56 Elite Steppe Lancer
43:18 Iron Casting
42:28 Halberdier
43:27 Chain Mail Armor
43:57 Plate Barding Armor
45:13 Blast Furnace
44:31 Bodkin Arrow
46:07 Chemistry
45:28 Ballistics
45:10 Arson
45:12 Gambesons
[RAT] G0rm
9:36 Loom
11:54 Feudal Age
12:55 Double-Bit Axe
14:03 Horse Collar
17:48 Wheelbarrow
22:34 Castle Age
20:40 Gold Mining
23:40 Bow Saw
26:26 Fletching
27:03 Bodkin Arrow
28:48 Heavy Plow
33:44 Ballistics
36:24 Padded Archer Armor
39:08 Thumb Ring
41:36 Imperial Age
39:47 Leather Archer Armor
40:01 Stone Mining
43:10 Bracer
43:20 Thumb Ring
45:19 Elite Genoese Crossbowman
47:31 Chemistry
[RAT] Spencer
7:46 Loom
11:54 Feudal Age
12:36 Double-Bit Axe
13:15 Horse Collar
15:10 Scale Barding Armor
20:11 Wheelbarrow
19:58 Forging
22:33 Castle Age
20:26 Stone Mining
22:02 Bloodlines
22:37 Gold Mining
23:44 Bow Saw
32:27 Squires
32:41 Pikeman
33:54 Scale Mail Armor
34:07 Town Watch
34:25 Heavy Plow
36:22 Hand Cart
37:55 Chain Barding Armor
37:51 Chain Mail Armor
38:12 Iron Casting
45:53 Imperial Age
Benedict Cucumberpatch
3:43 Loom
12:17 Feudal Age
16:33 Castle Age
15:55 Double-Bit Axe
15:50 Horse Collar
19:17 Ballistics
19:56 Fletching
22:04 Bodkin Arrow
22:46 Padded Archer Armor
28:51 Loom
42:15 Imperial Age
40:58 Town Watch
45:00 Conscription
Connection lost

Rejoining the realm…

Still unreachable

The connection could not be restored.

Session expired

The server has moved on; the page needs a fresh start.